Map: Proxima Station LE

Players

MaNa - Winner!

  • Race: Protoss Protoss
  • Spawn Location: 7:00

Lambo

  • Race: Zerg Zerg
  • Spawn Location: 1:00

Event: WCS Austin 2017

VOD

Have the link to the VOD?

Description

Time

  • Played on: April 28, 2017, 8:37 p.m.
  • Length: 15:08

All games in this series

Show
View Real Time Build Order
Export as new Build Order

MaNa Protoss - Winner!

Build Orders: 1 Gate Expand, Oracle Opening 

Get SALT Encoding   

  12  0:00  Probe (Chrono Boost)  
  13  0:11  Probe (Chrono Boost)  
  14  0:17  Pylon  
  14  0:22  Probe (Chrono Boost)  
  15  0:36  Probe (Chrono Boost)  
  15  0:38  Gateway  
  16  0:46  Probe (Chrono Boost)  
  17  0:50  Assimilator  
  18  0:57  Probe (Chrono Boost)  
  18  1:07  Probe (Chrono Boost)  
  19  1:22  Nexus  
  19  1:28  Probe (Chrono Boost)  
  20  1:35  Cybernetics Core  
  20  1:39  Probe (Chrono Boost)  
  21  1:44  Assimilator  
  21  1:49  Probe (Chrono Boost)  
  22  1:55  Pylon  
  22  2:00  Probe (Chrono Boost)  
  23  2:12  Stalker, Warp Gate  
  23  2:13  Probe (Chrono Boost)  
  26  2:23  Probe (Chrono Boost)  
  27  2:34  Probe x2 (Chrono Boost)  
  29  2:37  Stargate  
  29  2:44  Probe (Chrono Boost), Adept  
  29  2:45  Probe (Chrono Boost)  
  33  2:55  Probe x2 (Chrono Boost)  
  35  3:02  Twilight Council  
  35  3:06  Probe (Chrono Boost)  
  35  3:07  Probe (Chrono Boost)  
  37  3:17  Probe (Chrono Boost)  
  38  3:20  Gateway  
  38  3:21  Gateway  
  38  3:24  Probe (Chrono Boost)  
  38  3:26  Oracle  
  39  3:28  Probe (Chrono Boost)  
  39  3:33  Resonating Glaives  
  43  3:36  Pylon  
  43  3:37  Probe (Chrono Boost)  
  43  3:40  Probe (Chrono Boost)  
  45  3:47  Pylon  
  45  3:48  Probe (Chrono Boost)  
  47  3:55  Probe (Chrono Boost)  
  47  3:57  Assimilator  
  47  3:59  Probe (Chrono Boost)  
  48  4:07  Probe (Chrono Boost)  
  49  4:11  Probe (Chrono Boost)  
  49  4:16  Adept x3  
  56  4:20  Probe (Chrono Boost), Pylon  
  56  4:21  Assimilator  
  57  4:24  Pylon  
  57  4:36  Oracle  
  57  4:39  Adept x3  
  57  4:45  Probe x2 (Chrono Boost)  
  68  4:51  Nexus  
  68  5:00  Robotics Facility  
  68  5:04  Probe x2 (Chrono Boost)  
  70  5:08  Forge  
  72  5:21  Probe x2 (Chrono Boost)  
  68  5:31  Sentry x3  
  68  5:33  Probe (Chrono Boost)  
  68  5:34  Blink, Probe (Chrono Boost)  
  68  5:43  Protoss Ground Weapons Level 1  
  68  5:45  Probe (Chrono Boost)  
  68  5:46  Probe (Chrono Boost)  
  68  5:50  Warp Prism  
  72  5:57  Probe (Chrono Boost)  
  72  5:58  Assimilator, Probe (Chrono Boost)  
  72  6:00  Assimilator  
  72  6:05  Probe (Chrono Boost)  
  72  6:09  Probe (Chrono Boost)  
  72  6:10  Probe (Chrono Boost), Adept  
  77  6:14  Pylon  
  77  6:16  Probe (Chrono Boost)  
  77  6:17  Gateway  
  78  6:18  Gateway  
  78  6:20  Pylon  
  78  6:22  Probe x2 (Chrono Boost)  
  78  6:24  Sentry x2  
  84  6:26  Probe (Chrono Boost)  
  84  6:29  Robotics Facility  
  87  6:34  Probe x2 (Chrono Boost), Immortal  
  87  6:37  Probe (Chrono Boost)  
  92  6:46  Probe x2 (Chrono Boost)  
  94  6:47  Probe (Chrono Boost)  
  94  6:50  Adept  
  94  6:51  Adept x2  
  101  6:57  Robotics Bay  
  101  6:58  Probe (Chrono Boost)  
  101  6:59  Pylon  
  102  7:06  Gateway  
  102  7:09  Pylon, Gateway  
  102  7:11  Observer  
  102  7:13  Immortal, Pylon  
  107  7:34  Adept x5  
  117  7:37  Immortal  
  117  7:42  Probe (Chrono Boost)  
  114  7:49  Colossus  
  114  7:55  Stalker x5  
  130  8:00  Protoss Ground Weapons Level 2  
  130  8:06  Extended Thermal Lance  
  128  8:15  Pylon  
  128  8:16  Pylon  
  128  8:18  Pylon  
  130  8:21  Nexus  
  130  8:22  Mothership Core (Chrono Boost)  
  129  8:29  Charge  
  129  8:37  Colossus  
  129  8:39  Colossus  
  135  9:00  Stalker x6  
  147  9:10  Stalker  
  147  9:15  Pylon  
  149  9:17  Pylon  
  149  9:18  Gateway  
  149  9:22  Probe x3 (Chrono Boost)  
  152  9:30  Templar Archives  
  152  9:34  Probe (Chrono Boost)  
  153  9:53  Stalker x4  
  153  9:54  Stalker x2  
  153  9:55  Stalker  
  167  10:02  Assimilator  
  167  10:03  Assimilator  
  167  10:07  Pylon  
  167  10:08  Pylon  
  165  10:21  High Templar x2  
  165  10:22  High Templar x2, Stalker x2  
  165  10:23  Stalker x2  
  165  10:27  Archon x2  
  181  10:30  Observer  
  177  10:48  Warp Prism  
  173  10:57  High Templar x4, Zealot x3  
  177  10:58  Zealot  
  177  11:01  Archon  
  177  11:02  Archon  
  191  11:10  Pylon  
  191  11:11  Pylon  
  191  11:12  Gateway  
  191  11:14  Gateway  
  191  11:16  Protoss Ground Weapons Level 3, Gateway  
  191  11:17  Gateway  
  191  11:19  Psionic Storm  
  191  11:24  Sentry x3  
  197  11:39  Gateway  
  197  11:41  Gateway  
  175  12:02  Colossus  
  175  12:03  Zealot x8  
  181  12:21  Colossus  
  155  12:27  Zealot x3  
  155  12:28  Zealot x5  
  121  12:49  High Templar x4  
  121  12:50  Zealot x5  
  121  12:51  Immortal, Zealot  
  123  12:57  Zealot x3  
  123  12:58  Zealot  
  135  13:10  Immortal  
  135  13:14  Sentry x2  
  135  13:15  Sentry  
  135  13:19  Zealot x7, Nexus  
  159  13:21  Zealot x3, Pylon  
  159  13:22  Pylon, Zealot  
  167  13:28  Immortal  
  171  13:34  Nexus  
  171  13:40  Pylon  
  171  13:41  Pylon  
  171  13:44  High Templar x2  
  171  13:45  High Templar x2  
  179  14:01  Archon  
  179  14:02  Archon  
  177  14:06  Zealot  
  177  14:07  Zealot x9  
  155  14:34  High Templar x2  
  155  14:35  High Templar x4  
  161  14:42  Archon  
  161  14:43  Archon x2  
  161  14:44  Zealot x5  
  171  14:52  Fleet Beacon  
  139  15:05  Zealot x5  
  139  15:06  Zealot  
Show
View Real Time Build Order
Export as new Build Order

Lambo Zerg 

Build Orders: Hatch First 

Get SALT Encoding   

  12  0:00  Drone  
  13  0:12  Overlord  
  13  0:17  Drone  
  14  0:31  Drone  
  14  0:32  Drone  
  14  0:35  Drone  
  17  0:52  Hatchery  
  17  0:56  Drone  
  17  0:59  Drone  
  18  1:11  Extractor  
  17  1:14  Spawning Pool  
  16  1:18  Drone  
  16  1:21  Drone  
  18  1:28  Drone  
  19  1:40  Overlord  
  19  1:51  Drone  
  20  2:01  Queen  
  20  2:03  Queen, Zergling x2  
  20  2:04  Zergling x2  
  26  2:11  Metabolic Boost  
  26  2:12  Drone  
  26  2:15  Drone  
  28  2:23  Drone  
  28  2:28  Drone  
  30  2:37  Hatchery  
  30  2:39  Drone  
  30  2:47  Queen  
  32  2:51  Drone x2  
  32  2:56  Overlord  
  34  3:03  Drone x2  
  36  3:12  Overlord  
  36  3:15  Drone  
  36  3:16  Drone x3  
  40  3:21  Drone x3  
  43  3:30  Queen  
  43  3:31  Drone  
  46  3:35  Overlord  
  46  3:38  Drone  
  47  3:42  Drone, Lair  
  47  3:48  Drone x2, Zergling x2  
  50  3:51  Drone x2  
  53  3:59  Roach Warren  
  53  4:00  Drone x2  
  53  4:05  Zergling x4  
  53  4:06  Zergling x2  
  53  4:09  Queen  
  56  4:12  Extractor  
  57  4:17  Spore Crawler  
  57  4:18  Drone x4  
  57  4:20  Baneling Nest  
  57  4:21  Spore Crawler  
  57  4:23  Spore Crawler  
  58  4:28  Drone x4  
  62  4:32  Drone x2  
  62  4:36  Drone x3  
  63  4:40  Drone  
  63  4:45  Overlord  
  64  4:47  Drone  
  64  4:48  Drone  
  64  4:49  Evolution Chamber  
  64  4:51  Zergling x2  
  66  4:55  Overlord  
  66  4:58  Overlord  
  66  5:01  Overlord  
  66  5:04  Baneling x7  
  66  5:07  Evolution Chamber  
  66  5:08  Evolution Chamber  
  66  5:09  Zergling x2  
  66  5:11  Evolution Chamber  
  64  5:16  Zergling x12  
  64  5:19  Zergling x6  
  73  5:24  Zergling x6  
  73  5:27  Zergling x4  
  74  5:29  Zergling x6  
  74  5:32  Zergling x2  
  74  5:39  Drone x2  
  71  5:43  Drone  
  71  5:51  Zerg Melee Weapons Level 1  
  71  5:53  Drone x3, Zerg Missile Weapons Level 1  
  75  5:57  Drone  
  75  5:59  Drone  
  75  6:02  Pneumatized Carapace  
  75  6:07  Drone  
  75  6:08  Drone x3  
  75  6:10  Drone x3  
  81  6:13  Drone x2  
  81  6:16  Drone  
  84  6:25  Drone x2  
  86  6:28  Drone x4  
  86  6:31  Extractor  
  86  6:32  Drone x2, Hatchery, Extractor  
  89  6:33  Drone x2  
  89  6:34  Extractor  
  89  6:35  Extractor  
  89  6:36  Hydralisk Den  
  88  6:42  Drone x3  
  88  6:43  Drone x2  
  90  6:48  Drone  
  90  6:57  Drone  
  90  6:58  Drone x4  
  97  7:01  Drone x2  
  97  7:05  Overlord x2  
  97  7:09  Muscular Augments  
  97  7:12  Overlord  
  94  7:16  Drone x3  
  94  7:19  Overlord  
  94  7:20  Overlord  
  97  7:27  Hydralisk x3  
  97  7:28  Hydralisk x2  
  103  7:30  Drone x4  
  107  7:38  Hydralisk x2  
  107  7:41  Hydralisk  
  107  7:42  Zergling x2  
  103  7:45  Zergling x4  
  103  7:49  Hydralisk  
  103  7:50  Zergling x2  
  101  7:53  Zergling x4  
  101  7:57  Queen  
  104  7:58  Drone  
  104  8:03  Drone x3  
  107  8:06  Drone x2  
  107  8:07  Drone  
  108  8:14  Zerg Melee Weapons Level 2  
  108  8:15  Zerg Missile Weapons Level 2  
  108  8:18  Zergling x10  
  113  8:21  Overlord  
  113  8:26  Zergling x4  
  113  8:27  Zergling x6  
  117  8:30  Spore Crawler  
  117  8:32  Zergling x6, Hydralisk  
  122  8:36  Baneling x9  
  122  8:38  Zergling x4  
  123  8:41  Zergling x2  
  123  8:42  Zergling x2  
  123  8:44  Overlord  
  123  8:47  Zergling x2  
  123  8:48  Zergling x10  
  131  8:51  Zergling x8  
  130  8:56  Zergling x4  
  130  8:57  Centrifical Hooks  
  130  9:00  Zergling x2, Hydralisk x2  
  130  9:01  Zergling x4  
  136  9:02  Overseer  
  136  9:04  Overlord  
  136  9:06  Queen  
  136  9:08  Zergling x2  
  139  9:10  Hydralisk  
  139  9:16  Hydralisk x3  
  147  9:20  Hydralisk x2  
  147  9:21  Hydralisk x2  
  155  9:27  Infestation Pit  
  155  9:28  Hydralisk x2  
  155  9:29  Zergling x6  
  155  9:30  Overlord  
  161  9:32  Baneling  
  161  9:33  Baneling x7  
  158  9:38  Drone x2  
  158  9:39  Drone  
  158  9:40  Drone x3  
  158  9:43  Hydralisk x2  
  164  9:50  Zergling x6, Hydralisk x2  
  164  9:53  Queen  
  164  9:57  Zergling x2, Zerg Ground Armor Level 1  
  164  9:58  Zergling x6  
  170  10:01  Baneling x9  
  170  10:05  Overlord  
  170  10:11  Zergling x2  
  170  10:12  Zergling x10  
  170  10:14  Hive  
  176  10:18  Zergling x2  
  171  10:23  Zergling x8, Hydralisk x3  
  181  10:30  Zergling x6  
  181  10:32  Hydralisk x2  
  182  10:36  Zergling x2  
  182  10:37  Zergling x4  
  182  10:39  Baneling x11  
  182  10:44  Zergling x2  
  182  10:49  Overlord  
  183  10:50  Overlord  
  183  10:53  Overlord  
  183  10:57  Overlord  
  183  10:59  Overlord  
  183  11:00  Overlord x2  
  183  11:07  Queen  
  183  11:10  Zergling x18  
  196  11:15  Zergling x2  
  200  11:20  Hatchery  
  200  11:23  Zergling x4  
  200  11:27  Overlord  
  200  11:30  Viper x2  
  198  11:38  Viper, Spore Crawler  
  201  11:41  Baneling x2  
  201  11:53  Zergling x6  
  199  11:58  Zergling x8, Hydralisk x2  
  182  12:02  Zergling x8, Hydralisk x5  
  182  12:05  Baneling  
  182  12:06  Baneling x6  
  191  12:09  Zergling x8, Hydralisk x3  
  191  12:13  Zergling x2  
  183  12:17  Hydralisk x2  
  148  12:23  Hydralisk x2  
  148  12:24  Zergling x6  
  148  12:27  Zergling x4  
  148  12:29  Hydralisk  
  133  12:34  Hydralisk  
  133  12:36  Hydralisk  
  130  12:39  Hydralisk x2  
  129  12:45  Hydralisk  
  129  12:49  Queen  
  129  12:51  Zergling x6  
  131  12:58  Zergling x4  
  131  12:59  Zergling x2, Extractor x2  
  131  13:02  Zergling x2  
  131  13:05  Zergling x6, Hatchery x2  
  134  13:09  Hydralisk x2  
  134  13:10  Zergling x2  
  134  13:12  Baneling x7  
  139  13:21  Zergling x18  
  139  13:26  Overseer  
  148  13:27  Overseer, Hydralisk x2  
  152  13:34  Zergling x2  
  152  13:35  Zergling x8  
  152  13:38  Hydralisk  
  152  13:40  Baneling x9  
  152  13:41  Baneling x2  
  159  13:42  Zergling x2  
  160  13:50  Zergling x12, Hydralisk x3  
  160  13:54  Baneling x3  
  160  13:55  Baneling x4  
  172  13:56  Zergling x2  
  172  14:00  Zergling x2, Hydralisk x2  
  172  14:01  Zergling x4  
  180  14:08  Zergling x4  
  173  14:17  Zergling x2  
  173  14:18  Zergling x18  
  173  14:20  Baneling  
  173  14:21  Baneling  
  180  14:29  Zergling x6  
  156  14:38  Zergling x4  
  154  14:42  Baneling  
  154  14:47  Zergling x2  
  154  14:48  Zergling x2  
Tags
 
Add a new tag
Caveats
  • Supply blocks, unpowered buildings, or Contaminate may cause inaccurate times.
  • Supply counts are checked every 10 seconds.